 Dungeon Crawl Stone Soup version 0.28.0 (webtiles) character file.

Game seed: 893240382490263696

153 BeingJoeMalik the Cutter (level 5, -8/38 HPs)
             Began as a Merfolk Hunter on Feb 13, 2022.
             Mangled by Menkaure (18 damage)
             ... on level 4 of the Dungeon.
             The game lasted 00:08:20 (4243 turns).

BeingJoeMalik the Cutter (Merfolk Hunter)           Turns: 4243, Time: 00:08:20

Health: -8/38      AC:  5    Str: 12    XL:     5   Next: 35%
Magic:  5/5        EV: 12    Int: 10    God:
Gold:   113        SH:  0    Dex: 17    Spells: 4/4 levels left

rFire   . . .      SeeInvis .   a - +0 short sword
rCold   . . .      Faith    .   (no shield)
rNeg    . . .      Spirit   .   b - +0 leather armour
rPois   .          Reflect  .   p - +1 helmet
rElec   .          Harm     .   (no cloak)
rCorr   .          Rampage  .   (no gloves)
Will    .....                   (no boots)
Stlth   ++........              (no amulet)
HPRegen 0.12/turn               (no ring)
MPRegen 0.09/turn               (no ring)

@: no status effects
A: (nimble swimmer 2), mertail
a: no special abilities


You were on level 4 of the Dungeon.
You visited 1 branch of the dungeon, and saw 4 of its levels.

You collected 113 gold pieces.

Inventory:

Hand Weapons
 a - a +0 short sword (weapon)
Missiles
 c - 5 javelins (quivered)
 d - a throwing net
 r - a boomerang
Armour
 b - a +0 leather armour (worn)
 l - an orb of wrath
 p - a +1 helmet (worn)
Potions
 e - a potion of resistance {unknown}
 g - a potion of curing {unknown}
 h - a potion of haste {unknown}
 j - 2 potions of attraction {unknown}
 k - 2 potions of lignification {unknown}
 m - a potion of heal wounds {unknown}
 n - a potion of brilliance
 q - a potion of ambrosia {unknown}


   Skills:
 - Level 2.1 Fighting
 + Level 5.9 Short Blades
 - Level 4.0 Throwing
 - Level 2.6 Dodging
 - Level 1.1 Stealth


You had 4 spell levels left.
You didn't know any spells.
Your spell library contained the following spells:

 Spells                   Type           Power      Damage    Failure   Level
 Beastly Appendage        Tmut           0%         N/A       43%         1
 Wereblood                Tmut           0%         N/A       58%         2
 Spider Form              Tmut/Pois      0%         N/A       82%         3


Dungeon Overview and Level Annotations

Branches:
Dungeon (4/15)
 Temple: D:4-7

Altars:
Xom

Annotations:
D:4 Menkaure


Innate Abilities, Weirdness & Mutations

((You are very nimble when in or above water. (Stealth+, EV+, Speed+++)))
Your lower body shifts to a powerful aquatic tail in water.


Message History

The dart slug launches a dart at you. The slug dart misses you.
You hit the dart slug.
You kill the dart slug!
Menkaure is nearby!
Found 14 gold pieces.
You hit Menkaure.
Menkaure is lightly damaged.
Menkaure closely misses you.
You hit Menkaure.
Menkaure is lightly damaged.
You hit Menkaure.
Menkaure is moderately damaged.
Menkaure barely misses you.
You hit Menkaure.
Menkaure is heavily damaged.
You closely miss Menkaure.
Menkaure is heavily damaged.
Menkaure barely misses you. The orc barely misses you.
You hit Menkaure but do no damage.
Menkaure is heavily damaged.
The orc hits you with a +0 hand axe. Menkaure hits you!
You hit Menkaure.
Menkaure is heavily damaged.
The orc closely misses you.
You hit Menkaure.
Menkaure is severely damaged.
Menkaure closely misses you.
You hit Menkaure but do no damage.
Menkaure is severely damaged.
The orc hits you with a +0 hand axe. Menkaure barely misses you.
You hit Menkaure but do no damage.
Menkaure is severely damaged.
The orc hits you with a +0 hand axe.
* * * LOW HITPOINT WARNING * * *
Unknown command.
You closely miss Menkaure.
Menkaure is severely damaged.
Menkaure hits you!!
You die...

....#.##........... .#.
............... #
#..#............
#....<....# ..
#......#.##......# ..#
......#.###.....#
...##..$.....##...### #
..!..........##...##.$..
.........w....##@.......
..............##Mo......
................o.......
.......M..o.......##....
.....##.o.{.......# ....
... ####.<....### ... .
#.......# . ..........#
......##...##


You could see Menkaure, an orc wizard and an orc.

Vanquished Creatures
  Robin (D:3)
  3 adders
  3 worms
  3 dart slugs
  9 orcs
  4 ball pythons
  An endoplasm (D:2)
  4 giant cockroaches
  21 goblins
  6 hobgoblins
  9 jackals
  6 kobolds
  A quokka (D:1)
  5 bats
  2 frilled lizards
  2 rats
80 creatures vanquished.

Vanquished Creatures (others)
  2 withered plants (D:1)
2 creatures vanquished.

Grand Total: 82 creatures vanquished

Notes
Turn   | Place    | Note
-------+----------+-------------------------------------------
     0 | D:1      | BeingJoeMalik the Merfolk Hunter began the quest for the
                  | Orb.
     0 | D:1      | Reached XP level 1. HP: 16/16 MP: 1/1
    55 | D:1      | Reached skill level 1 in Short Blades
    85 | D:1      | Reached skill level 2 in Short Blades
    85 | D:1      | Reached XP level 2. HP: 18/22 MP: 2/2
   341 | D:1      | Found a faded altar of an unknown god.
   576 | D:1      | Reached skill level 3 in Short Blades
   689 | D:1      | Reached XP level 3. HP: 22/27 MP: 3/3
  1316 | D:2      | Reached skill level 4 in Short Blades
  1464 | D:2      | Reached XP level 4. HP: 26/33 MP: 4/4
  2463 | D:3      | Reached skill level 5 in Short Blades
  2508 | D:3      | Noticed Robin
  2864 | D:3      | Killed Robin
  2865 | D:3      | Reached XP level 5. HP: 38/38 MP: 5/5
  3558 | D:3      | Found a shimmering altar of Xom.
  4164 | D:4      | Noticed Menkaure
  4243 | D:4      | Mangled by Menkaure

Illustrated notes

Levels and vault maps discovered:
D:1:      wander_arrival_lonely_grave, layout_loops_ring,
          ebering_ecumenical_altar_petrified
D:2:      layout_basic, minmay_statues_item
D:3:      kennysheep_goblin_castle, layout_loops_ring,
          mainiacjoe_overflow_alcove_1
D:4:      layout_cave_pools, lemuel_crystal_altar, uniq_menkaure

Skill      XL: |  1  2  3  4 |
---------------+-------------+-----
Short Blades   | 2 3 4 5 |  5.9
Fighting       | |  2.1
Throwing       | |  4.0
Dodging        | |  2.6
Stealth        | |  1.1

Action                   |  1- 3 |  4- 6 || total
-------------------------+-------+-------++-------
Melee: Short sword       |   127 |   203 ||   330
       Punch             |     1 |     1 ||     2
       Tailslap          |       |     1 ||     1
Throw: Javelin           |     1 |     4 ||     5
       Throwing net      |       |     1 ||     1
  Use: Scroll            |       |     3 ||     3
 Stab: Sleeping          |     3 |     7 ||    10
Armor: Leather armour    |    37 |    45 ||    82
Dodge: Dodged            |    92 |   110 ||   202
